 Dungeon Crawl Stone Soup version 0.21-a0-531-gacddea6 (webtiles) character file.

179 Amnesiac the Skirmisher (level 5, -14/32 HPs)
             Began as a Deep Elf Fighter on Dec 13, 2017.
             Demolished by Menkaure (16 damage)
             ... on level 4 of the Dungeon.
             The game lasted 00:04:22 (2713 turns).

Amnesiac the Skirmisher (Deep Elf Fighter)          Turns: 2713, Time: 00:04:23

Health: -14/32     AC: 10    Str: 19    XL:     5   Next: 32%
Magic:  0/7        EV:  6    Int: 13    God:
Gold:   79         SH:  9    Dex: 16    Spells: 4/4 levels left

rFire    . . .     SeeInvis .   t - +0 falchion (drain)
rCold    . . .     Gourm    .   c - +0 shield
rNeg     . . .     Faith    .   m - +0 chain mail
rPois    .         Spirit   +   (no helmet)
rElec    .         Reflect  .   (no cloak)
rCorr    .         Harm     .   u - +0 pair of gloves
MR       .....                  (no boots)
Stlth    ..........             j - amulet of guardian spirit
HPRegen  0.10/turn              q - +2 ring of dexterity
MPRegen  0.10/turn              v - ring of wizardry

@: mighty
A: no striking features
a: no special abilities


You were on level 4 of the Dungeon.
You were not hungry.

You visited 1 branch of the dungeon, and saw 4 of its levels.

You collected 79 gold pieces.

Inventory:

Hand Weapons
 a - a +0 flail
 p - a +0 shortbow
 t - a +0 falchion of draining (weapon)
Missiles
 r - 21 arrows
Armour
 c - a +0 shield (worn)
 m - a +0 chain mail (worn)
 u - a +0 pair of gloves (worn)
Jewellery
 j - an amulet of guardian spirit (around neck)
 q - a +2 ring of dexterity (left hand)
 v - a ring of wizardry (right hand)
 A - a +4 ring of intelligence
Scrolls
 e - a scroll of magic mapping {!r, unknown}
 i - 6 scrolls of identify {!r, unknown}
 k - 2 scrolls of fog {!r}
 l - a scroll of teleportation {!r, unknown}
 n - a scroll of noise {!r}
 w - a scroll of enchant weapon {!r, unknown}
 y - 2 scrolls of fear {!r}
 D - 2 scrolls of amnesia {!r, unknown}
 E - a scroll of remove curse {!r}
Potions
 b - a potion of curing {!q}
 o - a potion of flight {!q, unknown}
 x - a potion of heal wounds {!q, unknown}
 z - a potion of degeneration {!q, unknown}
 B - 2 potions of lignification {!q, unknown}
 C - 2 potions of mutation {!q, unknown}
 F - a potion of haste {!q, unknown}
 G - a potion of cancellation {!q, unknown}
Comestibles
 f - 2 bread rations
 g - a royal jelly
 h - 2 meat rations
 s - 2 fruits


   Skills:
 + Level 3.1 Fighting
 - Level 2.0 Maces & Flails
 * Level 2.8 Bows
 + Level 3.1 Armour
 + Level 2.4 Dodging
 - Level 2.4 Shields


You had 4 spell levels left.
You didn't know any spells.

Dungeon Overview and Level Annotations

Branches:
Dungeon (4/15)
 Temple: D:4-7

Altars:
Fedhas
Qazlal
Wu Jian

Annotations:
D:4 Menkaure


Message History

Done exploring.
No target in view!
Done exploring.
No target in view!
There is an escape hatch in the floor here.
You slide downwards.
The hatch slams shut behind you.
Found a stone staircase leading down.
Menkaure, Prince of Dust comes into view.
Menkaure calls on the powers of darkness!
Your body is wracked with pain!
Menkaure is nearby!
You hit Menkaure but do no damage. You block Menkaure's attack.
Menkaure is nearby!
Your shield and chain mail prevent you from hitting Menkaure.
Menkaure hits you!!
Ouch! That really hurt!
* * * LOW HITPOINT WARNING * * *
Menkaure calls on the powers of darkness!
Your body is wracked with pain!
* * * LOW HITPOINT WARNING * * *
Okay, then.
Found a plate armour.
A hound comes into view.
Really read
i - 6 scrolls labeled HOREMN MYABIU {!r}?
Okay, then.
Really read
k - 3 scrolls labeled BOSAQI VIUCKAIR {!r}?
As you read the scroll labeled BOSAQI VIUCKAIR {!r}, it crumbles to dust.
The scroll dissolves into smoke.
It was a scroll of fog {!r}.
Really read
y - 3 scrolls labeled BOIFENK DIGA {!r}?
As you read the scroll labeled BOIFENK DIGA {!r}, it crumbles to dust.
You assume a fearsome visage.
Nothing appears to happen.
It was a scroll of fear {!r}.
Really read
n - 2 scrolls labeled PESHYO CIGYEJE {!r}?
As you read the scroll labeled PESHYO CIGYEJE {!r}, it crumbles to dust.
You hear a loud clanging noise!
It was a scroll of noise {!r}.
You hear a bark!
Menkaure grins.
Menkaure casts a spell at you. Pain shoots through your body!
* * * LOW HITPOINT WARNING * * *
Okay, then.
Really read
E - 2 scrolls labeled KOCAOD QOINE {!r}?
As you read the scroll labeled KOCAOD QOINE {!r}, it crumbles to dust.
You feel blessed for a moment.
It was a scroll of remove curse {!r}.
Menkaure mumbles some strange words.
Menkaure seems to speed up.
Really quaff
d - a potion of might {!q}?
You feel very mighty all of a sudden.
Really quaff
b - 2 sedimented coppery potions {!q}?
It was a potion of curing {!q}.
You feel better. Menkaure hits you.
* * * LOW HITPOINT WARNING * * *
You hit Menkaure.
Menkaure is lightly damaged.
Menkaure hits you!
* * * LOW HITPOINT WARNING * * *
Menkaure calls on the powers of darkness!
You feel a surge of unholy energy.
You barely miss Menkaure.
Menkaure is lightly damaged.
Menkaure calls on the powers of darkness!
You feel a surge of unholy energy. Menkaure hits you!
Ouch! That really hurt!
You die...

#.....# #.....# #
###...# .#
#...####..## #...#...
... #...#.##..###
#............
#########§§##.##..###
#....@M§§§§§.........
#########§§##.##..#.
##§§##.##..#.
#§§§§.........
##..##.....[..
#..#...#..#.#
#...........
.............
#...#h........


You could see Menkaure.

Vanquished Creatures
  Natasha (thrice) (D:2)
  3 adders
  An ooze (D:2)
  2 worms (D:3)
  A leopard gecko (D:3)
  3 orcs
  4 ball pythons
  2 giant cockroaches
  7 goblins
  3 hobgoblins
  7 jackals (D:3)
  7 kobolds
  12 bats
  3 frilled lizards
  6 rats
64 creatures vanquished.

Notes
Turn   | Place    | Note
-------+----------+-------------------------------------------
     0 | D:1      | Amnesiac the Deep Elf Fighter began the quest for the Orb.
     0 | D:1      | Reached XP level 1. HP: 13/13 MP: 3/3
   254 | D:1      | Reached XP level 2. HP: 12/18 MP: 4/4
   419 | D:1      | Reached skill level 1 in Dodging
   962 | D:2      | Noticed Natasha
   996 | D:1      | Reached XP level 3. HP: 19/22 MP: 5/5
  1176 | D:2      | Reached skill level 1 in Bows
  1795 | D:2      | Killed Natasha
  1795 | D:2      | Reached XP level 4. HP: 26/27 MP: 6/6
  1882 | D:2      | Noticed Natasha
  1890 | D:2      | Killed Natasha
  1913 | D:2      | Noticed Natasha
  1926 | D:2      | Killed Natasha
  1926 | D:2      | Reached XP level 5. HP: 30/32 MP: 7/7
  2001 | D:3      | Found an ornate altar of the Wu Jian Council.
  2070 | D:3      | Found a stormy altar of Qazlal.
  2387 | D:3      | Found a blossoming altar of Fedhas.
  2689 | D:4      | Noticed Menkaure
  2708 | D:4      | HP: 1/32 [Menkaure/nerve-wracking pain (4)]
  2713 | D:4      | Demolished by Menkaure

Vault maps used:
D:1:      giann_horns
D:2:      uniq_natasha
D:3:      lemuel_round_altar, lemuel_round_altar, first_bread, fedhas_altar_2
D:4:      cheibriados_altar_1, minmay_crystal_water, uniq_menkaure, uniq_edmund

Skill      XL: |  1  2  3  4 |
---------------+-------------+-----
Dodging        | 1 2 |  2.4
Bows           | 1 2 |  2.8
Maces & Flails | 2 |  2.0
Armour         | 3 |  3.1
Fighting       | 3 |  3.1
Shields        | |  2.4

Action                   |  1- 3 |  4- 6 || total
-------------------------+-------+-------++-------
Melee: Flail             |   114 |       ||   114
       Falchion          |    47 |   116 ||   163
  Use: Scroll            |       |     4 ||     4
       Potion            |       |     2 ||     2
  Eat: Chunk             |     3 |     3 ||     6
Armor: Scale mail        |    32 |       ||    32
       Chain mail        |   126 |    69 ||   195
Dodge: Dodged            |    48 |    20 ||    68
Block: Shield            |   129 |    69 ||   198
       Rpst.: Falchion   |     3 |     8 ||    11

Table legend:
 A = Spawn XP
 B = Non-spawn XP
 C = Spawn XP percentage of total XP
 D = Spawn monster count
 E = Non-spawn monster count
 F = Spawn count percentage of total count
 G = Total turns spent on level
                    A         B        C        D         E        F      G
               +---------+---------+-------+---------+---------+-------+---------
         Total |       0 |     256 |   0.0 |       0 |      64 |   0.0 |  2713
               +---------+---------+-------+---------+---------+-------+---------
           D:1 |       0 |      41 |   0.0 |       0 |      18 |   0.0 |   962
           D:2 |       0 |     156 |   0.0 |       0 |      26 |   0.0 |   948
           D:3 |       0 |      59 |   0.0 |       0 |      20 |   0.0 |   766
               +---------+---------+-------+---------+---------+-------+---------
